 Dungeon Crawl Stone Soup version 0.23-a0-389-g4a5eb33 (webtiles) character file.

81 XanderDroid the Chopper (level 4, 0/61 HPs)
             Began as a Minotaur Berserker on Oct 29, 2018.
             Was a Believer of Trog.
             Slain by a goblin (2 damage)
             ... on level 2 of the Dungeon.
             The game lasted 00:08:09 (2144 turns).

XanderDroid the Chopper (Minotaur Berserker)        Turns: 2144, Time: 00:08:09

Health: 0/61       AC:  6    Str: 26    XL:     4   Next: 19%
Magic:  3/3        EV: 11    Int:  4    God:    Trog [**....]
Gold:   101        SH:  0    Dex: 11    Spells: 3/3 levels left

rFire    . . .     SeeInvis .   a - +0 hand axe
rCold    . . .     Gourm    .   (no shield)
rNeg     . . .     Faith    .   g - +0 ring mail (curse)
rPois    .         Spirit   .   n - +1 hat
rElec    .         Reflect  .   (no cloak)
rCorr    .         Harm     .   (no gloves)
MR       .....                  (no boots)
Stlth    ..........             (no amulet)
HPRegen  0.20/turn              (no ring)
MPRegen  0.08/turn              (no ring)

@: berserking, very quick
A: retaliatory headbutt, horns 2
a: Berserk, Trog's Hand, Renounce Religion


You were on level 2 of the Dungeon.
You worshipped Trog.
Trog was pleased with you.
You were hungry.

You visited 1 branch of the dungeon, and saw 2 of its levels.

You collected 101 gold pieces.

Inventory:

Hand Weapons
 a - a +0 hand axe (weapon)
Armour
 g - a cursed +0 ring mail (worn)
 h - a +0 buckler
 n - a +1 hat (worn)
 o - a +0 plate armour
Scrolls
 b - a scroll of remove curse {unknown}
 f - a scroll of identify {unknown}
 j - 2 scrolls of magic mapping {unknown}
 q - a scroll of enchant armour {unknown}
Potions
 d - 4 potions of heal wounds {unknown}
 e - 2 potions of brilliance {unknown}
 i - 2 potions of resistance {unknown}
 k - a potion of mutation {unknown}
 m - a potion of haste {unknown}
 p - a potion of flight {unknown}
 r - a potion of agility {unknown}
Comestibles
 c - 6 rations
 l - 4 chunks of flesh


   Skills:
 + Level 4.3 Fighting
 * Level 4.8 Axes
 + Level 3.2 Armour
 - Level 2.2 Dodging
 + Level 1.4 Shields


You had 3 spell levels left.
You didn't know any spells.
Your spell library was empty.

Dungeon Overview and Level Annotations

Branches:
Dungeon (2/15)

Altars:
Gozag


Innate Abilities, Weirdness & Mutations

You reflexively headbutt those who attack you in melee.
You have a pair of horns on your head.


Message History

You slash the gnoll!
You kill the gnoll!
Trog accepts your kill.
You have reached level 4!
You feel agile.
You hit the gnoll. The gnoll closely misses you. You furiously retaliate!
You headbutt the gnoll.
You kill the gnoll!
Trog accepts your kill. The goblin hits you.
* * * LOW HITPOINT WARNING * * *
The kobold hits you with a +0 dagger.
* * * LOW HITPOINT WARNING * * *
Things that are here:
a +0 halberd; a +0 ring mail You slash the dart slug!
You kill the dart slug!
Trog accepts your kill.
You hit the kobold. You closely miss the goblin. The goblin hits you.
You die...

#........##.##########......#
#........##.# #......#
#....)...##.# ########
#........##.#
#...#######.##########
#..)#######..........########
#.......gg...................
#....###K###Kg######.....####
#....#(gK./#@K# #.....# #
#....##!w.##..# #.....# #
###..#..K..#..# #.....## #
##.#######..# #......# #
#..........# #.##...# #
##########.# #......# # #.#
####...# # #.# #...# # #.#
###...###


You could see a goblin and 2 kobolds.

Vanquished Creatures
  3 gnolls (D:2)
  A worm (D:2)
  2 dart slugs (D:2)
  2 leopard geckos (D:2)
  3 bats (D:1)
  3 goblins
  7 hobgoblins
  8 jackals (D:2)
  5 kobolds
  A ball python (D:1)
  8 rats
43 creatures vanquished.

Notes
Turn   | Place    | Note
-------+----------+-------------------------------------------
     0 | D:1      | XanderDroid the Minotaur Berserker began the quest for the
                  | Orb.
     0 | D:1      | Reached XP level 1. HP: 19/19 MP: 0/0
   550 | D:1      | Reached XP level 2. HP: 27/27 MP: 1/1
  1495 | D:2      | Found an opulent altar of Gozag.
  1572 | D:2      | Reached XP level 3. HP: 33/33 MP: 2/2
  1659 | D:2      | Reached skill level 1 in Shields
  1861 | D:2      | Reached ** piety under Trog
  2142 | D:2      | Reached XP level 4. HP: 4/40 MP: 3/3
  2143 | D:2      | HP: 3/61 [goblin (2)]
  2144 | D:2      | Slain by a goblin

Vault maps used:
D:1:      sevenhm_arrival_forest_fort_small_4, serial_co_window_serial,
          co_window_paths_a, co_window_paths_b, co_window_of_opportunity_a,
          co_window_corner_a, co_window_corner_a, co_window_2corner,
          co_window_broadway_a, co_window_broadway_a, glass_columns_a,
          glass_columns_b, glass_columns_c, minivault_25, serial_bayou_lagoon_a,
          skrybe_limestone_x, lemuel_old_faithful
D:2:      grunt_gozag_breadcrumbs, first_ration, kennysheep_nub,
          minmay_split_cup_large

Skill      XL: |  1  2  3 |
---------------+----------+-----
Axes           | 4 |  4.8
Fighting       | 4 |  4.3
Shields        | 1 |  1.4
Armour         | 3 |  3.2
Dodging        | |  2.2

Action                   |  1- 3 |  4- 6 || total
-------------------------+-------+-------++-------
Melee: Hand axe          |    81 |     1 ||    82
       Headbutt          |    18 |       ||    18
Invok: Berserk           |     1 |       ||     1
  Eat: Chunk             |     4 |       ||     4
Armor: Animal skin       |     5 |       ||     5
       Ring mail         |    27 |       ||    27
Dodge: Dodged            |    63 |     1 ||    64

Table legend:
 A = Non-vault XP
 B = Vault XP
 C = Vault XP percentage of total XP
 D = Non-vault monster count
 E = Vault monster count
 F = Vault count percentage of total count
                 A         B        C        D         E       F
            +---------+---------+-------+---------+---------+-------
      Total |     112 |       4 |   3.4 |      42 |       1 |   2.3
            +---------+---------+-------+---------+---------+-------
        D:1 |      24 |       0 |   0.0 |      16 |       0 |   0.0
        D:2 |      88 |       4 |   4.3 |      26 |       1 |   3.7
            +---------+---------+-------+---------+---------+-------
